 Dungeon Crawl Stone Soup version 0.30-a0-1163-gf69bf04e7a (webtiles) character file.

Game seed: 17287306124567678723

3 Ahpoh the Trooper (level 1, 0/11 HPs)
             Began as a Vine Stalker Berserker on Apr 28, 2023.
             Was a Follower of Trog.
             Slain by a goblin
             ... wielding a +0 dagger
              (2 damage)
             ... on level 1 of the Dungeon.
             The game lasted 00:00:15 (52 turns).

Ahpoh the Trooper (Vine Stalker Berserker)            Turns: 52, Time: 00:00:15

Health: 0/11       AC:  2    Str: 19    XL:     1   Next: 50%
Magic:  0/2        EV: 12    Int:  7    God:    Trog [*.....]
Gold:   0          SH:  0    Dex: 13    Spells: 0/0 levels left

rFire   . . .        a - +0 falchion
rCold   . . .        (no shield)
rNeg    . . .        b - +0 animal skin
rPois   .            (no helmet)
rElec   .            (no cloak)
rCorr   .            (no gloves)
SInv    .            (no boots)
Will    .....        (no amulet)
Stlth   +            (no ring)
HPRegen 0.21/turn    (no ring)
MPRegen 0.08/turn

%: guardian spirit
@: no status effects
A: fangs 2, magic shield, antimagic bite, no potion heal 2
a: Renounce Religion, Berserk


You were on level 1 of the Dungeon.
You worshipped Trog.
Trog was aware of your devotion.
You visited 1 branch of the dungeon, and saw 1 of its levels.

Inventory:

Hand Weapons
 a - a +0 falchion (weapon)
Armour
 b - a +0 animal skin (worn)
Scrolls
 c - a scroll of fog {unknown}
Potions
 d - a potion of flight {unknown}


   Skills:
 + Level 2.8 Fighting
 + Level 2.7 Long Blades
 + Level 1.5 Armour
 + Level 1.5 Dodging


You couldn't memorise any spells.
You didn't know any spells.
Your spell library was empty.

Dungeon Overview and Level Annotations

Branches:
Dungeon (1/15)

Altars:


Innate Abilities, Weirdness & Mutations

You have extremely sharp teeth.
When hurt, damage is shared between your health and your magic reserves.
Your bite disrupts and absorbs the magic of your enemies.
Potions cannot restore your health.


Message History

Found a stone staircase leading down.
You see here a giant cockroach corpse.
Found a puce potion and a glowing mace.
d - a silvery potion
Found 10 gold pieces.
Found a whip.
A ball python comes into view.
Found 12 gold pieces.
Found a book of Burglary.
A kobold and a goblin come into view.
The goblin shouts!
You see here a +3 mace.
You barely miss the ball python.
The kobold shouts!
You bite the ball python.
You kill the ball python!
Trog accepts your kill.
You see here a ball python corpse.
The goblin hits you with a +0 dagger. The goblin attacks as you move away!
The goblin misses you. The kobold hits you but does no damage.
The kobold attacks as you move away!
The kobold hits you with a +0 short sword.
The kobold attacks as you move away! The kobold barely misses you.
The goblin attacks as you move away! The goblin closely misses you.
You barely miss the kobold. You bite the kobold, but do no damage.
The kobold barely misses you. The goblin closely misses you.
The kobold hits you with a +0 short sword.
* * * LOW HITPOINT WARNING * * *
The goblin hits you with a +0 dagger.
* * * LOW HITPOINT WARNING * * *
You hit the kobold.
You kill the kobold!
Trog accepts your kill. The goblin barely misses you.
The goblin barely misses you.
Things that are here:
a +0 short sword; a kobold corpse The goblin hits you with a +0 dagger.
You die...

.###.>...........#
.........#......#
#.......!).#..##
#.....$.†#...##
##....)...###.#
#.......$.# .#
..#.......# #
#..g:...#
#..)@...#
#########


You could see a goblin.

Vanquished Creatures
  A giant cockroach (D:1)
  A ball python (D:1)
  2 kobolds (D:1)
4 creatures vanquished.

Notes
Turn   | Place    | Note
-------+----------+-------------------------------------------
     0 | D:1      | Ahpoh the Vine Stalker Berserker began the quest for the
                  | Orb.
     0 | D:1      | Reached XP level 1. HP: 11/11 MP: 2/2
    52 | D:1      | Slain by a goblin

Illustrated notes

Levels and vault maps discovered:
D:1:      dpeg_arrival_rooms_with_view, layout_rooms

Action                     || total
---------------------------++-------
  Melee: Falchion          ||    13
         Bite              ||     5
 Armour: Animal skin       ||     3
  Dodge: Dodged            ||    16

Table legend: (Time is in decaauts)
 A = Elapsed time spent in this place.
 B = Non-inter-level travel time spent in this place.
 C = Inter-level travel time spent in this place.
 D = Time resting spent in this place.
 E = Time spent auto-exploring this place.
 F = Levels seen in this place.
 G = Mean time per level.
                   A        B        C        D        E       F      G
               +--------+--------+--------+--------+--------+-----+--------+
         Total |     54 |     54 |      0 |      0 |      6 |   1 |   54.0 |
       Dungeon |     54 |     54 |      0 |      0 |      6 |   1 |   54.0 |
               +--------+--------+--------+--------+--------+-----+--------+

Top non-repeatable levels by time:
     D:1: 54 daAuts
